 Dungeon Crawl Stone Soup version 0.31-a0-263-ge8cad7f256 (webtiles) character file.

Game seed: 7882290753894230832

78 qw the Shooter (level 4, -10/36 HPs)
             Began as a Minotaur Hexslinger on July 13, 2023.
             Mangled by a gnoll
             ... wielding a +0 halberd
              (13 damage)
             ... on level 2 of the Dungeon.
             The game lasted 00:00:21 (1047 turns).

qw the Shooter (Minotaur Hexslinger)                Turns: 1047, Time: 00:00:22

Health: -10/36     AC:  5    Str: 13    XL:     4   Next: 15%
Magic:  4/4        EV: 16    Int: 10    God:
Gold:   48         SH:  0    Dex: 14    Spells: 4/5 levels left

rFire   . . .        Y - +1 sling
rCold   . . .        (no shield)
rNeg    . . .        h - +0 ring mail
rPois   .            (helmet restricted)
rElec   .            (no cloak)
rCorr   .            (no gloves)
SInv    .            (no boots)
Will    .....        (no amulet)
Stlth   +            f - +5 ring of evasion
HPRegen 0.26/turn    (no ring)
MPRegen 0.09/turn

%: no passive effects
@: no status effects
A: horns 2, retaliatory headbutt
a: no special abilities


You were on level 2 of the Dungeon.
You visited 1 branch of the dungeon, and saw 2 of its levels.

You collected 48 gold pieces.


Innate Abilities, Weirdness & Mutations

You have a pair of horns on your head.
You reflexively headbutt those who attack you in melee.


   Skills:
 - Level 2.0 Fighting
 + Level 4.4 Ranged Weapons
 - Level 1.2 Armour
 - Level 2.1 Dodging
 - Level 1.0 Spellcasting
 - Level 2.0 Hexes


You had 4 spell levels left.
You knew the following spells:

 Your Spells              Type           Power      Damage    Failure   Level
a - Slow                  Hex            16%        N/A       32%         1

Your spell library contained the following spells:

 Spells                   Type           Power      Damage    Failure   Level
 Inner Flame              Hex/Fire       2%         N/A       82%         3
 Portal Projectile        Hex/Tloc       4%         N/A       82%         3
 Cause Fear               Hex            2%         N/A       97%         4

Inventory:

Hand Weapons
 Y - a +1 sling (weapon)
Armour
 h - a +0 ring mail (worn)
Jewellery
 f - a +5 ring of evasion (left hand)
Scrolls
 a - a scroll of vulnerability {unknown}
Potions
 d - 2 potions of attraction {unknown}
 e - a potion of might {unknown}
 j - a potion of brilliance {unknown}
 l - a potion of degeneration {unknown}

Dungeon Overview and Level Annotations

Branches:
Dungeon (2/15)

Altars:


Message History

You shoot a sling bullet.
The sling bullet hits the gnoll but does no damage.
The gnoll is moderately wounded.
The gnoll closely misses you. The hobgoblin hits you.
You shoot a sling bullet. The sling bullet hits the gnoll.
The gnoll is severely wounded.
The gnoll hits you with a +0 club.
The hobgoblin hits you but does no damage.
The gnoll closely misses you. The hobgoblin closely misses you.
You shoot a sling bullet.
The sling bullet closely misses the gnoll.
The gnoll barely misses you.
The hobgoblin hits you but does no damage.
You shoot a sling bullet. The sling bullet hits the gnoll.
You kill the gnoll!
The hobgoblin misses you.
You have reached level 4!
You feel stronger.
You shoot a sling bullet. The sling bullet hits the hobgoblin.
The hobgoblin is almost dead.
The hobgoblin barely misses you. The hobgoblin misses you.
You shoot a sling bullet. The sling bullet hits the hobgoblin.
You kill the hobgoblin!
You start resting.
A gnoll comes into view. It is wielding a +0 halberd.
You shoot a sling bullet.
The sling bullet hits the gnoll but does no damage.
The gnoll barely misses you.
You shoot a sling bullet.
The sling bullet closely misses the gnoll.
The gnoll hits you with a +0 halberd! The gnoll misses you.
You shoot a sling bullet. The sling bullet hits the gnoll.
The gnoll is moderately wounded.
The gnoll closely misses you.
You shoot a sling bullet.
The sling bullet closely misses the gnoll.
The gnoll closely misses you.
You shoot a sling bullet. The sling bullet hits the gnoll.
The gnoll is heavily wounded.
The gnoll hits you with a +0 halberd!
You die...

. .### #..#### ..#
#....g#####.###. ..
.. #)@.##...... #.# .
#####....#.# #.# .
..........%#.#####.#
#
##########......##.##
# ###........#
#####....#
#####....###
.............
###########..


You could see a gnoll.

Vanquished Creatures
  Jessica (D:2)
  2 gnolls (D:2)
  A dart slug (D:1)
  A bat (D:1)
  3 endoplasms (D:1)
  3 goblins (D:1)
  A hobgoblin (D:2)
  4 jackals (D:1)
  2 kobolds (D:1)
  4 quokkas
  2 ball pythons
  2 frilled lizards (D:1)
  2 rats (D:1)
28 creatures vanquished.

Notes
Turn   | Place    | Note
-------+----------+-------------------------------------------
     0 | D:1      | qw the Minotaur Hexslinger began the quest for the Orb.
     0 | D:1      | Reached XP level 1. HP: 16/16 MP: 1/1
     0 | D:1      | 0 ||| qw: Version: 0.3-a-52-g30416fa
     0 | D:1      | 0 ||| qw: Game counter: 7457
     0 | D:1      | 0 ||| qw: Melee chars always use a shield: true
     0 | D:1      | 0 ||| qw: God list: Okawaru
     0 | D:1      | 0 ||| qw: Allow faded altars: false
     0 | D:1      | 0 ||| qw: Do Orc after clearing Dungeon:15 true
     0 | D:1      | 0 ||| qw: Do second Lair branch before Depths: true
     0 | D:1      | 0 ||| qw: Lair rune preference: random
     0 | D:1      | 0 ||| qw: Goals: Normal
     0 | D:1      | 0 ||| PLANNING D:1-11
   181 | D:1      | Reached skill level 3 in Ranged Weapons
   181 | D:1      | Reached XP level 2. HP: 23/23 MP: 2/2
   721 | D:1      | HP: 6/24 [jackal (2)]
   724 | D:1      | Reached XP level 3. HP: 7/29 MP: 3/3
   906 | D:1      | 906 ||| UPGRADING to +0 ring mail.
   916 | D:1      | 916 ||| DROPPING +0 robe.
   917 | D:1      | 917 ||| UPGRADING to +5 ring of evasion.
   918 | D:1      | 918 ||| READING scroll labelled CAYSYENTIENU.
   919 | D:1      | 919 ||| READING scroll labelled VIEMAWNI KIZU.
   923 | D:1      | 923 ||| READING scroll labelled LIRYUGO TIEMUI.
   924 | D:1      | 924 ||| DROPPING scroll of poison.
   971 | D:2      | Noticed Jessica
   975 | D:2      | Killed Jessica
   976 | D:2      | Reached skill level 4 in Ranged Weapons
  1033 | D:2      | Reached skill level 1 in Armour
  1040 | D:2      | Reached XP level 4. HP: 16/36 MP: 4/4
  1044 | D:2      | HP: 2/36 [gnoll/+0 halberd (16)]
  1047 | D:2      | Mangled by a gnoll

Levels and vault maps discovered:
D:1:      dpeg_arrival_court, layout_basic, serial_rivers,
          chequers_serial_rivers_marsh, chequers_serial_rivers_micro_c,
          chequers_serial_rivers_micro_c, chequers_serial_rivers_room_a,
          chequers_serial_rivers_micro_c,
          nicolae_concentric_dashed_squares_wild, minmay_3d_cube
D:2:      layout_rooms, minmay_puff, uniq_jessica

Skill      XL: |  1  2  3 |
---------------+----------+-----
Ranged Weapons | 3 4 |  4.4
Fighting       | 2 |  2.0
Armour         | 1 |  1.2
Dodging        | |  2.1
Spellcasting   | |  1.0
Hexes          | |  2.0

Action                     |  1- 3 |  4- 6 || total
---------------------------+-------+-------++-------
   Fire: Sling             |    78 |     7 ||    85
    Use: Scroll            |     3 |       ||     3
 Armour: Robe              |     5 |       ||     5
         Ring mail         |     6 |       ||     6
         Skin              |     1 |       ||     1
  Dodge: Dodged            |    32 |     6 ||    38

Table legend:
 A = Non-vault XP
 B = Vault XP
 C = Vault XP percentage of total XP
 D = Non-vault monster count
 E = Vault monster count
 F = Vault count percentage of total count
                 A         B        C        D         E       F
            +---------+---------+-------+---------+---------+-------
      Total |      66 |      46 |  41.1 |      22 |       6 |  21.4
            +---------+---------+-------+---------+---------+-------
        D:1 |      32 |       9 |  22.0 |      17 |       5 |  22.7
        D:2 |      34 |      37 |  52.1 |       5 |       1 |  16.7
            +---------+---------+-------+---------+---------+-------
